AoeStats
← AIR-Z

Arabia

504785068Analyzed
1v1 RM · 27d ago on Sep 6, 2026· 88m 51s· 2 players
Game mode
Random Map
Map size
Tiny (2 player)
Population
200
Speed
Normal
Resources
Standard
Victory
Conquest
Starting age
Dark Age
Ending age
Imperial Age
RankedLock teamsTeams togetherTeam positionsShared explorationLock speedFull tech treeHidden civsTurbo modeCheats
Victory
Defeat
🇷🇺 Japanese · Russia
1015
+16
🇫🇮 Magyars · Finland
1008
-16
Nikusson
6:53 Loom
10:05 Feudal Age
10:43 Horse Collar
10:51 Double-Bit Axe
13:31 Horse Collar
16:48 Wheelbarrow
22:56 Castle Age
23:12 Scale Barding Armor
23:04 Fletching
23:14 Gold Mining
25:35 Hand Cart
30:55 Bow Saw
31:32 Chain Barding Armor
31:31 Bloodlines
32:55 Heavy Plow
33:07 Husbandry
36:00 Fervor
43:46 Imperial Age
41:56 Bodkin Arrow
44:20 Cavalier
46:20 Two-Man Saw
46:43 Paladin
48:55 Crop Rotation
50:22 Light Cavalry
52:17 Conscription
51:54 Hussar
54:28 Plate Barding Armor
54:50 Corvinian Army
55:15 Stone Mining
59:49 Elite Magyar Huszar
61:31 Hoardings
61:22 Crossbowman
62:46 Arbalester
63:35 Thumb Ring
65:38 Padded Archer Armor
65:40 Bracer
69:21 Ballistics
70:02 Chemistry
70:11 Leather Archer Armor
71:04 Siege Engineers
77:02 Two-Man Saw
75:58 Town Watch
84:04 Ring Archer Armor
AIR-Z
11:10 Feudal Age
14:18 Double-Bit Axe
14:23 Man-at-Arms
15:29 Man-at-Arms
17:57 Loom
18:25 Arson
24:42 Forging
24:34 Scale Mail Armor
25:13 Stone Mining
25:15 Gold Mining
26:12 Wheelbarrow
31:00 Castle Age
32:22 Iron Casting
31:52 Pikeman
32:36 Squires
33:23 Chain Mail Armor
35:19 Long Swordsman
41:07 Horse Collar
52:02 Hand Cart
56:01 Imperial Age
54:44 Bow Saw
54:38 Heavy Plow
57:57 Conscription
57:03 Halberdier
57:30 Gambesons
57:36 Gambesons
59:59 Kataparuto
60:08 Two-Handed Swordsman
65:24 Champion
65:39 Elite Samurai
68:26 Onager
72:04 Gold Shaft Mining
72:41 Two-Man Saw
74:09 Ballistics
73:31 Treadmill Crane
73:57 Siege Engineers
78:22 Capped Ram
86:50 Plate Mail Armor
87:21 Blast Furnace
89:10 Chemistry
Connection lost

Rejoining the realm…

Still unreachable

The connection could not be restored.

Session expired

The server has moved on; the page needs a fresh start.